 Dungeon Crawl Stone Soup version 0.30.0-18-gc0e69614cb (webtiles) character file.

Game seed: 9033554361427984777

115 loir the Ruffian (level 4, -1/44 HPs)
             Began as a Troll Gladiator on May 23, 2023.
             Slain by a jelly (3 damage)
             ... on level 2 of the Dungeon.
             The game lasted 00:09:24 (1613 turns).

loir the Ruffian (Troll Gladiator)                  Turns: 1613, Time: 00:09:25

Health: -1/44      AC: -12   Str: 24    XL:     4   Next: 68%
Magic:  3/3        EV: 10    Int:  4    God:
Gold:   38         SH:  0    Dex: 11    Spells: 3/3 levels left

rFire   . .          .
                       - Unarmed
rCold   . . .        (no shield)
rNeg    . . .        a - +0 robe
rPois   .            b - +0 hat
rElec   .            (no cloak)
rCorr   .            (gloves unavailable)
SInv    .            (boots unavailable)
Will    .....        (no amulet)
Stlth   +            (no ring)
HPRegen 1.07/turn    (no ring)
MPRegen 0.08/turn

%: no passive effects
@: corroded
A: large, unfitting armour, claws 3, regeneration 1, shaggy fur 1, tough skin 1
a: no special abilities


You were on level 2 of the Dungeon.
You visited 1 branch of the dungeon, and saw 2 of its levels.

You collected 142 gold pieces.
You spent 104 gold pieces at shops.

Inventory:

Missiles
 c - 3 throwing nets
 d - a large rock
 f - 10 stones (quivered)
Armour
 a - a +0 robe (worn)
 b - a +0 hat (worn)
Jewellery
 j - an amulet of faith
Scrolls
 e - 4 scrolls of identify
 h - a scroll of magic mapping
Potions
 g - a potion of resistance


   Skills:
 * Level 2.5 Fighting
 + Level 2.2 Throwing
 * Level 3.1 Dodging
 * Level 3.9 Unarmed Combat


You had 3 spell levels left.
You didn't know any spells.
Your spell library contained the following spells:

 Spells                   Type           Power      Damage    Failure   Level
 Gell's Gravitas          Tloc           0%         N/A       86%         3
 Teleport Other           Tloc           0%         N/A       86%         3
 Dispersal                Tloc           0%         N/A       100%        6


Dungeon Overview and Level Annotations

Branches:
Dungeon (2/15)

Altars:

Shops:
D:1 =   D:2 (?


Innate Abilities, Weirdness & Mutations

You are too large for most types of armour.
You have claws for hands.
Your natural rate of healing is unusually fast.
You are covered in fur. (AC +1)
You have tough skin. (AC +1)


Message History

As you open the door, it creaks loudly!
You hear a shout!
There is an open door here.
A kobold comes into view. It is wielding a +0 dagger.
You closely miss the kobold. The kobold barely misses you.
You closely miss the kobold. The kobold hits you but does no damage.
You barely miss the kobold. The kobold hits you but does no damage.
You closely miss the kobold. The kobold hits you with a +0 dagger.
You scratch the kobold.
You kill the kobold!
You see here a +0 dagger.
You open the door.
An endoplasm comes into view. 7 endoplasms and 2 jellies come into view.
Found two bat skeletons, a hobgoblin skeleton and a flail.
The endoplasm quivers. x2; The jelly quivers.
The jelly closely misses you.
There is an open door here.
The jelly attacks as you move away! The jelly hits you. The acid corrodes you!
You are splashed with acid!
You claw the jelly!
Your claws burn!
The jelly is severely wounded.
The jelly hits you.
You are splashed with acid!
You scratch the jelly. The acid corrodes you!
Your claws burn!
The jelly is almost dead.
The jelly hits you. The acid corrodes you!
You are splashed with acid!
* * * LOW HITPOINT WARNING * * *
You are too injured to fight recklessly!
You are too injured to fight recklessly!
You are too injured to fight recklessly!
You scratch the jelly but do no damage.
Your claws burn!
* * * LOW HITPOINT WARNING * * *
The jelly is almost dead.
The jelly hits you.
* * * LOW HITPOINT WARNING * * *
The acid corrodes you!
You are splashed with acid!
* * * LOW HITPOINT WARNING * * *
Something hits the fungus.
The fungus begins to die.
The jelly attacks as you move away! The jelly barely misses you.
The jelly attacks as you move away! The jelly hits you.
You die...

#...#.# *###########..#....####
#.#.#.# *)..PJ.J..##...........
....#.# *....J÷...##...........
..###.# *...PJP.P.##[........#.
#.# #.# *÷P.J.....##..<........
#.# #.# *JP.....P.##.#.#.######
#.# #.####*÷..P..JJJ##...........
#.# #....#*#######'#*#.###.######
#.# ####.###)...@J## #......#....
#.#### #.##.######## #.###..#....
#.##.# #.###..'....# #.###..#....
#.##.###.######....###.##...#....
..........##§§§§...##.....#.#....
#.######..##§§§§§..##..####.#....
..........##§§§§§§.##.>.....'....
#.######.###......§########.#....
#.# #.# ##.....## #....†....#


You could see a jelly and an endoplasm.

Vanquished Creatures
  A scorpion (D:2)
  An adder (D:2)
  A worm (D:2)
  3 dart slugs (D:1)
  A bat (D:1)
  An endoplasm (D:1)
  3 giant cockroaches
  A goblin (D:2)
  2 hobgoblins (D:2)
  3 jackals (D:1)
  9 kobolds
  6 ball pythons
  5 frilled lizards
  A rat (D:2)
38 creatures vanquished.

Notes
Turn   | Place    | Note
-------+----------+-------------------------------------------
     0 | D:1      | loir the Troll Gladiator began the quest for the Orb.
     0 | D:1      | Reached XP level 1. HP: 19/19 MP: 0/0
    63 | D:1      | Found a faded altar of an unknown god.
   363 | D:1      | Reached XP level 2. HP: 28/28 MP: 1/1
   386 | D:1      | Found Zaekhletyo's Jewellery Shop.
   756 | D:2      | Reached XP level 3. HP: 35/35 MP: 2/2
   765 | D:2      | Found Ceboezuilu's Antique Weapon Shop.
   994 | D:2      | Found Qiryoxam's Magic Scroll Boutique.
  1002 | D:2      | Bought a scroll of identify for 26 gold pieces
  1002 | D:2      | Bought a scroll of identify for 26 gold pieces
  1002 | D:2      | Bought a scroll of identify for 26 gold pieces
  1002 | D:2      | Bought a scroll of identify for 26 gold pieces
  1188 | D:2      | Noticed a scorpion
  1201 | D:2      | Killed a scorpion
  1202 | D:2      | Reached XP level 4. HP: 31/44 MP: 3/3
  1611 | D:2      | HP: 1/44 [acid (7)]
  1613 | D:2      | Slain by a jelly

Illustrated notes

Levels and vault maps discovered:
D:1:      reono_arrival_mine, layout_basic, serial_corexii_hall,
          chequers_hall_statues_wall_a, corexii_hall_statues_l,
          chequers_hall_statues_wall_a, corexii_hall_statues_x,
          ebering_ecumenical_altar_webs, serial_shops, nicolae_shop_gaudy_bauble
D:2:      cheibrodos_fertilizer, layout_basic, serial_shops,
          nicolae_shop_peninsula, nicolae_shop_statue_plus

Skill      XL: |  1  2  3 |
---------------+----------+-----
Throwing       | 2 |  2.2
Fighting       | 2 |  2.5
Dodging        | 3 |  3.1
Unarmed Combat | |  3.9

Action                     |  1- 3 |  4- 6 || total
---------------------------+-------+-------++-------
  Melee: Unarmed           |    76 |    27 ||   103
         Punch             |       |     2 ||     2
  Throw: Throwing net      |     2 |       ||     2
         Stone             |       |     4 ||     4
    Use: Scroll            |     2 |     2 ||     4
   Stab: Sleeping          |     1 |       ||     1
 Armour: Robe              |    22 |     8 ||    30
  Dodge: Dodged            |    29 |    11 ||    40
